 Dungeon Crawl Stone Soup version 0.24-a0-725-gf1a930fc54 (webtiles) character file.

Game seed: 1507381542773675891, levelgen mode: deterministic

214 Argons the Sneak (level 6, -4/32 HPs)
             Began as a Kobold Wizard on Oct 1, 2019.
             Shot with an arrow by a centaur (9 damage)
             ... on level 5 of the Dungeon.
             The game lasted 00:34:45 (5798 turns).

Argons the Sneak (Kobold Wizard)                    Turns: 5798, Time: 00:34:46

Health: -4/32      AC:  4    Str:  5    XL:     6   Next: 14%
Magic:  1/10       EV: 16    Int: 21    God:
Gold:   296        SH:  0    Dex: 13    Spells: 8/11 levels left

rFire    . . .     SeeInvis .   j - +0 flail
rCold    . . .     Gourm    .   (shield restricted)
rNeg     . . .     Faith    .   a - +0 robe
rPois    .         Spirit   .   b - +0 hat
rElec    .         Reflect  .   e - +0 cloak
rCorr    .         Harm     .   m - +0 pair of gloves
MR       .....                  (no boots)
Stlth    +++.......             (no amulet)
HPRegen  0.10/turn              (no ring)
MPRegen  0.12/turn              (no ring)

@: very slightly contaminated
A: small, carnivore
a: no special abilities


You were on level 5 of the Dungeon.
You were completely stuffed.

You visited 1 branch of the dungeon, and saw 5 of its levels.

You collected 296 gold pieces.

Inventory:

Hand Weapons
 j - a +0 flail (weapon)
Missiles
 c - 3 boomerangs (quivered)
 l - 6 curare-tipped darts
Armour
 a - a +0 robe (worn)
 b - a +0 hat (worn)
 e - a +0 cloak (worn)
 m - a +0 pair of gloves (worn)
Scrolls
 f - 3 scrolls of teleportation
 g - 3 scrolls of amnesia
 h - 3 scrolls of remove curse
 k - a scroll of magic mapping {unknown}
Potions
 i - a potion of heal wounds
 n - 2 potions of might
 o - a potion of flight
 q - 2 potions of degeneration {unknown}
Comestibles
 d - 8 rations
 p - 2 chunks of flesh


   Skills:
 + Level 3.5 Dodging
 - Level 5.0 Stealth
 - Level 3.2 Spellcasting
 - Level 4.1 Conjurations
 + Level 1.2 Summonings
   Level 1.0 Translocations


You had 8 spell levels left.
You knew the following spells:

 Your Spells              Type           Power        Failure   Level  Hunger
a - Magic Dart            Conj           ###.         2%          1    None
b - Call Imp              Summ           #.......     12%         2    ##.....

Your spell library contained the following spells:

 Spells                   Type           Power        Failure   Level  Hunger
 Blink                    Tloc           N/A          13%         2    ##.....
 Conjure Flame            Conj/Fire      ##......     17%         3    ###....
 Slow                     Hex            #.......     21%         2    ##.....
 Mephitic Cloud           Conj/Pois/Air  #.......     22%         3    ###....


Dungeon Overview and Level Annotations

Branches:
Dungeon (5/15)
 Temple: D:4-7

Altars:
Yredelemnul
Zin

Annotations:
D:2 Robin


Innate Abilities, Weirdness & Mutations

You are small and have problems with some larger weapons.
You are carnivorous and can eat meat at any time.


Message History

You swap places.
The centaur shoots an arrow.
The arrow hits your white imp!
Your white imp dies!
Casting: Call Imp (safe; 12% risk of failure)
Confirm with . or Enter, or press ? or * to list all spells.
A beastly little devil appears in a puff of flame.
The centaur shoots an arrow.
The arrow hits your crimson imp!
The centaur shoots an arrow.
The arrow hits your crimson imp.
The centaur shoots an arrow.
The arrow hits your crimson imp.
Your crimson imp dies!
Casting: Call Imp (safe; 12% risk of failure)
Confirm with . or Enter, or press ? or * to list all spells.
A beastly little devil appears in a puff of flame.
The centaur shoots an arrow.
The arrow closely misses your crimson imp.
The arrow hits you!
* * * LOW HITPOINT WARNING * * *
The centaur shoots an arrow.
The arrow closely misses your crimson imp.
The arrow hits you!
You die...

#..##.#
#.....#
#.##### #.#
#.# #.# #.#
#.# #@# #5#
#(# #(# #(#
#.# #(#
#..c....c.
.........>.


You could see a centaur and a friendly crimson imp.

Vanquished Creatures
  2 hounds (D:4)
  A worker ant (D:4)
  A gnoll (D:2)
  4 adders
  An ooze (D:3)
  An adder skeleton (D:4)
  A worm (D:3)
  2 dart slugs
  3 leopard geckos
  4 orcs (D:3)
  2 giant cockroaches
  14 goblins
  5 hobgoblins
  5 jackals
  2 quokkas (D:2)
  4 bats
  4 frilled lizards
  2 kobolds
  4 rats
62 creatures vanquished.

Notes
Turn   | Place    | Note
-------+----------+-------------------------------------------
     0 | D:1      | Argons the Kobold Wizard began the quest for the Orb.
     0 | D:1      | Reached XP level 1. HP: 10/10 MP: 4/4
     3 | D:1      | You fall into a shaft and drop 1 floor!
   306 | D:1      | Reached skill level 3 in Stealth
   686 | D:1      | Reached XP level 2. HP: 15/15 MP: 4/6
  1809 | D:2      | Noticed Robin
  1881 | D:3      | Reached XP level 3. HP: 19/19 MP: 1/7
  2200 | D:3      | Reached XP level 4. HP: 24/24 MP: 5/8
  3012 | D:3      | Found a glowing silver altar of Zin.
  3741 | D:4      | Reached XP level 5. HP: 28/28 MP: 1/9
  3847 | D:4      | Reached skill level 4 in Stealth
  4118 | D:4      | Noticed a sky beast
  4861 | D:2      | Found a basalt altar of Yredelemnul.
  5313 | D:4      | Learned a level 2 spell: Call Imp
  5470 | D:4      | Reached skill level 5 in Stealth
  5470 | D:4      | Reached XP level 6. HP: 15/32 MP: 0/10
  5659 | D:5      | Entered Level 5 of the Dungeon
  5733 | D:5      | Noticed a phantom
  5798 | D:5      | Shot with an arrow by a centaur

Levels and vault maps discovered:
D:1:      roderic_crop_circles_arrival_small, layout_loops_corners,
          hangedman_decor_clover_reticule
D:2:      cheibrodos_pilgrimage, layout_loops_corners, minmay_misc_feat_plants,
          yredelemnul_altar_generic, uniq_robin
D:3:      layout_loops_ring, lemuel_altar_in_water
D:4:      minmay_general_purpose_star, layout_layer_cave,
          minmay_temple_entry_antechambers, first_ration, ebering_ghost_sewer_f
D:5:      layout_loops_ring, serial_shops, shop, serial_bayou_pond_c,
          hangedman_abyss_or_decor_jellyfish_corner, uniq_menkaure

Skill      XL: |  1  2  3  4  5 |
---------------+----------------+-----
Stealth        | 3 5 |  5.0
Conjurations   | 2 3 4 |  4.1
Dodging        | 3 |  3.5
Spellcasting   | |  3.2
Summonings     | |  1.2
Translocations | |  1.0

Action                   |  1- 3 |  4- 6 || total
-------------------------+-------+-------++-------
Melee: Hand axe          |    40 |       ||    40
       Flail             |       |    19 ||    19
 Cast: Magic Dart        |    55 |   129 ||   184
       Call Imp          |       |     4 ||     4
  Use: Scroll            |     4 |     5 ||     9
       Potion            |       |     1 ||     1
  Eat: Chunk             |     7 |    16 ||    23
Armor: Robe              |     7 |    19 ||    26
Dodge: Dodged            |    17 |    32 ||    49

Table legend:
 A = Non-vault XP
 B = Vault XP
 C = Vault XP percentage of total XP
 D = Non-vault monster count
 E = Vault monster count
 F = Vault count percentage of total count
                 A         B        C        D         E       F
            +---------+---------+-------+---------+---------+-------
      Total |     289 |      17 |   5.6 |      53 |       9 |  14.5
            +---------+---------+-------+---------+---------+-------
        D:1 |      15 |       0 |   0.0 |       7 |       0 |   0.0
        D:2 |      49 |      15 |  23.4 |      15 |       8 |  34.8
        D:3 |      73 |       0 |   0.0 |      22 |       0 |   0.0
        D:4 |     148 |       2 |   1.3 |       7 |       1 |  12.5
        D:5 |       4 |       0 |   0.0 |       2 |       0 |   0.0
            +---------+---------+-------+---------+---------+-------
